 Dungeon Crawl Stone Soup version 0.23-a0-680-g356c24d (webtiles) character file.

53 Blackhawk the Skirmisher (level 3, -1/29 HPs)
             Began as a Demonspawn Fighter on Jan 10, 2019.
             Slain by Sigmund
             ... wielding a +0 scythe
              (10 damage)
             ... on level 2 of the Dungeon.
             The game lasted 00:01:43 (1570 turns).

Blackhawk the Skirmisher (Demonspawn Fighter)       Turns: 1570, Time: 00:01:44

Health: -1/29      AC:  6    Str: 17    XL:     3   Next: 62%
Magic:  3/3        EV:  7    Int:  9    God:
Gold:   58         SH:  9    Dex: 12    Spells: 2/2 levels left

rFire    . . .     SeeInvis .   g - +2 spear (freeze)
rCold    . . .     Gourm    .   c - +0 shield
rNeg     . . .     Faith    .   b - +0 scale mail
rPois    .         Spirit   .   (helmet restricted)
rElec    .         Reflect  .   (no cloak)
rCorr    .         Harm     .   (no gloves)
MR       .....                  (no boots)
Stlth    ..........             (no amulet)
HPRegen  0.09/turn              (no ring)
MPRegen  0.08/turn              (no ring)

@: no status effects
A: antennae 1, powered by death 1
a: no special abilities


You were on level 2 of the Dungeon.
You were not hungry.

You visited 1 branch of the dungeon, and saw 2 of its levels.

You collected 58 gold pieces.

Inventory:

Hand Weapons
 a - a +0 war axe
 g - a +2 spear of freezing (weapon)
Armour
 b - a +0 scale mail (worn)
 c - a +0 shield (worn)
Scrolls
 e - a scroll of blinking {unknown}
 j - a scroll of identify {unknown}
 k - a scroll of fear {unknown}
Potions
 d - a potion of might
 i - 2 potions of heal wounds {unknown}
Comestibles
 f - a ration
 h - 5 chunks of flesh


   Skills:
 + Level 3.4 Fighting
 + Level 2.4 Axes
 + Level 3.1 Armour
 + Level 3.1 Shields


You had 2 spell levels left.
You didn't know any spells.
Your spell library was empty.

Dungeon Overview and Level Annotations

Branches:
Dungeon (2/15)

Altars:

Annotations:
D:2 Robin, Sigmund


Innate Abilities, Weirdness & Mutations

You have a pair of small antennae on your head.
You regenerate a little health from kills.


Message History

The goblin shoots a stone.
The stone hits you.
You see here a stone.
The goblin shoots a stone.
The stone barely misses you.
A puff of flame appears from out of thin air!
The puff of flame hits you!
The goblin shoots a stone.
The stone hits you.
You see here a stone.
The hobgoblin no longer looks unusually strong.
The goblin shoots a stone.
The goblin no longer looks unusually strong.
Something hits you but does no damage.
You feel less confused. Robin throws the goblin at you!
The goblin unwields a +0 hunting sling.
The goblin wields a +0 club.
You block the goblin's attack.
The quokka bites you but does no damage.
You hear some strange, mumbled words.
A magic dart appears from out of thin air!
The magic dart hits you!
The hobgoblin no longer looks unusually strong.
You block the goblin's attack. Something hits you!
You die...

#. #.## #.# ...g #.#
... #.###### ..
#......## #.
##.......## ###g###
#...gr@.(<# ......##
#...{.g÷..# ..#..$.#
#.g((.....#
...†...####.(g...÷..#
..###.(g))..........#
. ###g###.........#
#...#.........#
#.............#
#.............#


You could see Robin, a quokka, 2 hobgoblins and a goblin.

Vanquished Creatures
  2 dart slugs (D:1)
  2 leopard geckos
  5 bats
  3 giant cockroaches
  12 goblins
  5 hobgoblins
  3 jackals (D:1)
  4 frilled lizards
  7 rats
43 creatures vanquished.

Notes
Turn   | Place    | Note
-------+----------+-------------------------------------------
     0 | D:1      | Blackhawk the Demonspawn Fighter began the quest for the
                  | Orb.
     0 | D:1      | Reached XP level 1. HP: 18/18 MP: 1/1
   210 | D:1      | Gained mutation: You have a pair of small antennae on your
                  | head. [demonic ancestry]
   210 | D:1      | Reached XP level 2. HP: 24/24 MP: 2/2
   933 | D:1      | Gained mutation: You regenerate a little health from kills.
                  | [demonic ancestry]
   933 | D:1      | Reached XP level 3. HP: 29/29 MP: 3/3
  1536 | D:2      | Noticed Robin
  1536 | D:2      | Noticed Sigmund
  1570 | D:2      | Slain by Sigmund

Vault maps used:
D:1:      nicolae_arrival_washed_ashore, serial_bayou_lake_a
D:2:      chequers_garden, dk_noncrumbling_3, uniq_robin, uniq_natasha,
          uniq_sigmund

Skill      XL: |  1  2 |
---------------+-------+-----
Axes           | 2 |  2.4
Armour         | 3 |  3.1
Shields        | 3 |  3.1
Fighting       | |  3.4

Action                   || total
-------------------------++-------
Melee: War axe           ||    72
       Spear             ||    66
  Eat: Chunk             ||     2
Armor: Scale mail        ||    77
Dodge: Dodged            ||    21
Block: Shield            ||    58

Table legend:
 A = Non-vault XP
 B = Vault XP
 C = Vault XP percentage of total XP
 D = Non-vault monster count
 E = Vault monster count
 F = Vault count percentage of total count
                 A         B        C        D         E       F
            +---------+---------+-------+---------+---------+-------
      Total |      62 |      14 |  18.4 |      35 |       8 |  18.6
            +---------+---------+-------+---------+---------+-------
        D:1 |      52 |       0 |   0.0 |      29 |       0 |   0.0
        D:2 |      10 |      14 |  58.3 |       6 |       8 |  57.1
            +---------+---------+-------+---------+---------+-------
